 Dungeon Crawl Stone Soup version 0.28-a0-494-ge2d2658822 (webtiles) character file.

Game seed: 4797146935653157377

8432 mg7810 the Spear-Bearer (level 11, -12/83 HPs)
             Began as a Demonspawn Monk on Sept 19, 2021.
             Mangled by a death yak simulacrum (17 damage)
             ... in an ice cave.
             The game lasted 00:25:28 (12165 turns).

mg7810 the Spear-Bearer (Demonspawn Monk)          Turns: 12165, Time: 00:25:30

Health: -12/83     AC: 23    Str: 14 (15) XL:     11   Next: 9%
Magic:  11/11      EV:  9    Int: 10 (11) God:
Gold:   602        SH:  5    Dex: 13 (16) Spells: 10/10 levels left

rFire   . . .      SeeInvis +   i - +10 trident of the Radish {vorpal, SInv}
rCold   . . .      Faith    .   C - +1 buckler {reflect}
rNeg    . . .      Spirit   .   c - +0 plate armour
rPois   .          Reflect  +   (helmet unavailable)
rElec   .          Harm     .   n - +0 cloak
rCorr   .          Rampage  .   e - +2 pair of gloves
Will    .....                   r - +0 pair of boots
Stlth   ..........              (no amulet)
HPRegen 0.23/turn               d - +4 ring of evasion
MPRegen 0.12/turn               s - +4 ring of protection

@: attractive, studying Polearms
A: antennae 3, demonic guardian 2, powered by pain 1
a: no special abilities


You were in an ice cave.
You visited 3 branches of the dungeon, and saw 11 of its levels.
You also visited: Ice Cave.

You collected 602 gold pieces.

Inventory:

Hand Weapons
 i - the +10 trident of the Radish (weapon) {vorpal, SInv}
   (You took it off an orc on level 4 of the Dungeon)

   It inflicts extra damage upon your enemies.
   SInv:      It lets you see invisible.
 q - a +1 war axe
Missiles
 b - 63 poisoned darts (quivered)
 u - 6 boomerangs
Armour
 c - a +0 plate armour (worn)
 e - a +2 pair of gloves (worn)
 n - a +0 cloak (worn)
 r - a +0 pair of boots (worn)
 C - a +1 buckler of reflection (worn)
Jewellery
 d - a +4 ring of evasion (left hand)
 s - a +4 ring of protection (right hand)
Wands
 k - a wand of iceblast (13)
 w - a wand of paralysis (8)
 y - a wand of polymorph (11)
 z - a wand of digging (5)
 A - a wand of flame (3)
Scrolls
 g - 7 scrolls of teleportation
 p - 5 scrolls of identify
 v - 2 scrolls of immolation
Potions
 a - a potion of cancellation
 f - 3 potions of curing
 h - 2 potions of mutation
 j - a potion of resistance
 l - a potion of lignification {unknown}
 m - 3 potions of haste
 o - 2 potions of flight
 t - a potion of degeneration
 x - 2 potions of attraction
 B - a potion of invisibility {unknown}
 D - a potion of brilliance {unknown}


   Skills:
 + Level 6.5 Fighting
 + Level 4.7(8.8) Axes
 + Level 11.4(11.8) Polearms
 + Level 4.0 Throwing
 + Level 7.3 Armour
 + Level 3.0 Dodging
 - Level 1.7 Stealth
 * Level 1.4 Shields
 * Level 6.3 Evocations


You had 10 spell levels left.
You didn't know any spells.
Your spell library contained the following spells:

 Spells                   Type           Power      Damage    Failure   Level
 Slow                     Hex            0%         N/A       100%        2
 Confusing Touch          Hex            0%         N/A       100%        3
 Gell's Gravitas          Tloc           0%         N/A       100%        3
 Teleport Other           Tloc           0%         N/A       100%        3
 Yara's Violent Unravell  Hex/Tmut       0%         3d3       100%        5
 Dispersal                Tloc           0%         N/A       100%        6


Dungeon Overview and Level Annotations

Branches:
Dungeon (9/15)             Temple (1/1) D:4            Lair (1/6) D:9
  IceCv (1/1)
    Orc: D:9-12

Altars:
Ashenzari
Cheibriados
Dithmenos
Elyvilon
Fedhas
Gozag
Hepliaklqana
Kikubaaqudgha
Makhleb
Nemelex Xobeh
Okawaru
Qazlal
Ru
Sif Muna
Trog
Uskayaw
Vehumet
Wu Jian
Xom
Yredelemnul
Zin
The Shining One

Shops:
D:2 [


Innate Abilities, Weirdness & Mutations

You have a pair of large antennae on your head. (SInv)
A demonic guardian rushes to your aid.
You sometimes gain a little power by taking damage.


Message History

Found an ice covered gate leading back out of this place.
There is an ice choked empty arch of ancient stone here.
Reach: i) +10 trident of the Radish {vorpal, SInv}
Press: ? - help, Dir - move target, f - polar bear simulacrum
Aim: a polar bear simulacrum (about 10% to evade the +10 trident of the Radish)
You reach to attack!
You hit the polar bear simulacrum.
The polar bear simulacrum is lightly damaged.
You puncture the death yak simulacrum!
The death yak simulacrum is lightly damaged.
You hit the death yak simulacrum but do no damage.
The death yak simulacrum is lightly damaged.
The death yak simulacrum gores you! The death yak simulacrum freezes you!!
* * * LOW HITPOINT WARNING * * *
A demonic guardian appears!
The polar bear simulacrum bites you but does no damage.
The polar bear simulacrum claws you but does no damage.
You block the polar bear simulacrum's attack.
Your ice devil hits the death yak simulacrum but does no damage.
Your ice devil hits the death yak simulacrum but does no damage.
It was a potion of attraction.
You feel attractive to monsters.
The cane toad simulacrum closely misses you.
Your ice devil hits the death yak simulacrum.
Your ice devil freezes the death yak simulacrum.
The death yak simulacrum completely resists.
Okay, then.
Okay, then.
Okay, then.
It was a potion of degeneration.
There was something very wrong with that liquid.
You feel weakened.
You feel dopey.
You feel clumsy.
The death yak simulacrum gores you but does no damage.
The cane toad simulacrum hits you but does no damage.
You feel better.
The cane toad simulacrum barely misses you.
The death yak simulacrum closely misses you.
The death yak simulacrum gores you!
* * * LOW HITPOINT WARNING * * *
The death yak simulacrum freezes you!
You die...

#####
##...##
##@.∩..##
#ZZZ....#
#4Z.∩...#
##.....##
##...##
#...#
...##
#...#
##...


You could see 2 death yak simulacra, a cane toad simulacrum, a polar bear
simulacrum and a friendly ice devil (summoned).

Vanquished Creatures
  Harold (D:8)
  A hydra (Lair:1)
  A two-headed ogre (D:9)
  Joseph (D:8)
  2 cane toads (Lair:1)
  Psyche (D:8)
  2 ice devils (Lair:1)
  Sigmund (D:3)
  2 wyverns (D:9)
  A basilisk (D:8)
  6 yaks
  3 water moccasins
  An orc warrior (D:7)
  2 ice beasts
  7 black bears
  2 centaurs
  A kobold brigand (D:9)
  9 bullfrogs
  A scorpion (D:5)
  5 killer bees (D:7)
  A howler monkey (D:5)
  An electric eel (D:7)
  A centaur zombie (D:9)
  5 hounds
  A jelly (D:6)
  2 bullfrog skeletons
  5 orc priests
  Jessica (D:3)
  3 iguanas
  4 orc wizards
  A killer bee zombie (D:8)
  A hound skeleton (D:4)
  Robin (D:3)
  A howler monkey skeleton (D:6)
  4 gnolls
  3 adders
  A shadow imp (D:5)
  2 white imps
  An ufetubus (D:6)
  3 worms
  5 dart slugs
  24 orcs
  5 bats
  10 endoplasms
  3 giant cockroaches
  10 hobgoblins
  3 jackals (D:4)
  6 quokkas
  5 ball pythons
  5 frilled lizards
  19 goblins
  18 kobolds
  3 rats
208 creatures vanquished.

Vanquished Creatures (collateral kills)
  An adder (D:3)
  3 orcs
4 creatures vanquished.

Vanquished Creatures (others)
  21 fungi (D:9)
  30 plants
51 creatures vanquished.

Grand Total: 263 creatures vanquished

Notes
Turn   | Place    | Note
-------+----------+-------------------------------------------
     0 | D:1      | mg7810 the Demonspawn Monk began the quest for the Orb.
     0 | D:1      | Reached XP level 1. HP: 18/18 MP: 1/1
   125 | D:1      | Gained mutation: You have a pair of small antennae on your
                  | head. [demonic ancestry]
   125 | D:1      | Reached XP level 2. HP: 13/24 MP: 2/2
   765 | D:1      | Reached skill level 1 in Armour
   833 | D:1      | Gained mutation: You have a pair of antennae on your head.
                  | [demonic ancestry]
   833 | D:1      | Reached XP level 3. HP: 27/29 MP: 3/3
  1538 | D:2      | Found Heozar's Armour Shop.
  2015 | D:2      | Reached XP level 4. HP: 24/35 MP: 4/4
  2522 | D:3      | Found a hide-covered altar of Uskayaw.
  2526 | D:3      | Noticed Sigmund
  2534 | D:3      | Killed Sigmund
  2535 | D:3      | Reached skill level 1 in Throwing
  2535 | D:3      | Reached skill level 1 in Evocations
  2535 | D:3      | Gained mutation: A weak demonic guardian rushes to your
                  | aid. [demonic ancestry]
  2535 | D:3      | Reached XP level 5. HP: 42/42 MP: 5/5
  2577 | D:3      | Gained mutation: You have a pair of large antennae on your
                  | head. (SInv) [demonic ancestry]
  2577 | D:3      | Reached XP level 6. HP: 35/48 MP: 6/6
  2657 | D:3      | Found an ornate altar of the Wu Jian Council.
  2657 | D:3      | Found a shadowy altar of Dithmenos.
  2661 | D:3      | Found an iron altar of Okawaru.
  2847 | D:3      | Found a faded altar of an unknown god.
  3075 | D:3      | Noticed Robin
  3088 | D:3      | Killed Robin
  3367 | D:3      | Noticed Jessica
  3380 | D:3      | Killed Jessica
  4434 | D:4      | Found a snail-covered altar of Cheibriados.
  4611 | D:4      | Reached XP level 7. HP: 50/54 MP: 7/7
  4703 | D:4      | Identified the +10 trident of the Radish {vorpal, SInv}
  4741 | D:4      | Found a staircase to the Ecumenical Temple.
  5083 | Temple   | Entered the Ecumenical Temple
  5191 | D:5      | Entered Level 5 of the Dungeon
  5699 | D:5      | Reached skill level 1 in Polearms
  6081 | D:5      | Reached skill level 2 in Polearms
  6504 | D:6      | Reached skill level 3 in Polearms
  6504 | D:6      | Gained mutation: You sometimes gain a little power by
                  | taking damage. [demonic ancestry]
  6504 | D:6      | Reached XP level 8. HP: 56/60 MP: 8/8
  7597 | D:7      | Reached skill level 4 in Polearms
  8001 | D:7      | Reached skill level 5 in Armour
  8406 | D:7      | Reached skill level 5 in Polearms
  8581 | D:7      | Reached XP level 9. HP: 58/66 MP: 9/9
  9128 | D:8      | Noticed Psyche
  9139 | D:8      | Killed Psyche
  9140 | D:8      | Reached skill level 6 in Polearms
  9193 | D:8      | Noticed Harold
  9217 | D:8      | Killed Harold
  9571 | D:8      | Reached skill level 5 in Fighting
  9571 | D:8      | Reached skill level 7 in Polearms
 10066 | D:8      | Noticed Joseph
 10074 | D:8      | Killed Joseph
 10263 | D:8      | Reached XP level 10. HP: 74/74 MP: 10/10
 10954 | D:9      | Reached skill level 8 in Polearms
 10969 | D:9      | Noticed a two-headed ogre
 10975 | D:9      | Killed a two-headed ogre
 10976 | D:9      | Reached skill level 5 in Evocations
 11178 | D:9      | Reached skill level 9 in Polearms
 11326 | D:9      | Reached skill level 10 in Polearms
 11746 | D:9      | Found a staircase to the Lair.
 11981 | D:9      | Identified a scroll of acquirement
 11981 | D:9      | Acquired a +1 buckler of reflection
 11993 | Lair:1   | Entered Level 1 of the Lair of Beasts
 12032 | Lair:1   | Noticed a cane toad
 12047 | Lair:1   | Killed a cane toad
 12048 | Lair:1   | Reached skill level 11 in Polearms
 12067 | Lair:1   | Noticed a cane toad
 12073 | Lair:1   | Killed a cane toad
 12078 | Lair:1   | Noticed a five-headed hydra
 12087 | Lair:1   | Killed a five-headed hydra
 12088 | Lair:1   | Reached skill level 1 in Shields
 12088 | Lair:1   | Gained mutation: A demonic guardian rushes to your aid.
                  | [demonic ancestry]
 12088 | Lair:1   | Reached XP level 11. HP: 33/83 MP: 11/11
 12144 | Lair:1   | Found a frozen archway.
 12154 | IceCv    | Entered an ice cave
 12165 | IceCv    | Mangled by a death yak simulacrum

Illustrated notes

Levels and vault maps discovered:
D:1:      co_arrival_random_square_maze, layout_basic, minmay_split_cup_small
D:2:      layout_loops_ring, serial_shops, nicolae_square_shop
D:3:      layout_loops_cross, grunt_temple_overflow_open,
          hellmonk_ecumenical_altar_arch_garden, serial_bayou_pond_a,
          kennysheep_generic_room_13, uniq_robin, uniq_jessica, uniq_sigmund
D:4:      layout_basic, cheibrodos_worm_habitat,
          minmay_temple_entry_purple_smoke
D:5:      layout_basic
D:6:      layout_cave_pods
D:7:      wad_river_or_something, layout_basic
D:8:      layout_layer_cave, elyvilon_altar_1, roderic_three_in_a_row,
          hangedman_abyss_or_decor_stagger, minmay_manual_monstrance,
          uniq_psyche, uniq_joseph, uniq_harold
D:9:      layout_loops_ring, due_lair_maze_entry_diamond, minmay_parallelograms
Temple:   jpeg_temple_clearing
Lair:1:   layout_gridlike, portal_ice_cave_demonic_guard, patterned_corridor,
          grunt_megastairs_5
IceCv:    ice_cave_small_necro

Skill      XL: |  1  2  3  4  5  6  7  8  9 10 |
---------------+-------------------------------+-----
Axes           | 3 4 |  4.7
Armour         | 1 2 3 4 5 6 7 |  7.3
Throwing       | 1 2 3 4 |  4.0
Evocations     | 1 2 3 4 6 |  6.3
Fighting       | 4 5 6 |  6.5
Polearms       | 3 5 7 11 | 11.4
Dodging        | 3 |  3.0
Shields        | 1 |  1.4
Stealth        | |  1.7

Action                   |  1- 3 |  4- 6 |  7- 9 | 10-12 || total
-------------------------+-------+-------+-------+-------++-------
Melee: Hand axe          |   177 |   128 |       |       ||   305
       War axe           |       |    63 |       |       ||    63
       Trident           |       |       |   237 |   135 ||   372
Throw: Dart              |       |    15 |    15 |       ||    30
Evoke: Wand              |       |     4 |     1 |    10 ||    15
  Use: Scroll            |     2 |     4 |    10 |     2 ||    18
       Potion            |       |       |     6 |     3 ||     9
 Stab: Paralysed         |       |       |       |     6 ||     6
Armor: Plate armour      |   125 |   158 |   164 |    71 ||   518
Dodge: Dodged            |    25 |    48 |    60 |    50 ||   183
Block: Buckler           |       |       |       |     6 ||     6

Table legend: (Time is in decaauts)
 A = Elapsed time spent in this place.
 B = Non-inter-level travel time spent in this place.
 C = Inter-level travel time spent in this place.
 D = Time resting spent in this place.
 E = Time spent auto-exploring this place.
 F = Levels seen in this place.
 G = Mean time per level.
                   A        B        C        D        E       F      G
               +--------+--------+--------+--------+--------+-----+--------+
         Total |  12211 |  11946 |    265 |      0 |   9862 |  12 | 1017.6 |
       Dungeon |  11953 |  11707 |    246 |      0 |   9766 |   9 | 1328.1 |
        Temple |     92 |     74 |     18 |      0 |     58 |   1 |   92.0 |
          Lair |    155 |    155 |      0 |      0 |     38 |   1 |  155.0 |
      Ice Cave |     10 |     10 |      0 |      0 |      0 |   1 |   10.0 |
               +--------+--------+--------+--------+--------+-----+--------+

Top non-repeatable levels by time:
     D:8: 1899 daAuts
     D:7: 1684 daAuts
     D:2: 1357 daAuts
     D:4: 1337 daAuts
     D:5: 1309 daAuts
     D:3: 1281 daAuts
     D:1: 1194 daAuts
     D:9: 1124 daAuts
     D:6: 764 daAuts
  Lair:1: 155 daAuts
  Temple: 92 daAuts
   IceCv: 10 daAuts
